 Dungeon Crawl Stone Soup version 0.28.0-45-g0d030f2227 (webtiles) character file.

Game seed: 228375856154041813

584 Ablot the Grasshopper (level 7, 0/56 HPs)
             Began as a Gnoll Warper on Apr 4, 2022.
             Slain by an orc
             ... wielding a +0 flail
              (2 damage)
             ... on level 5 of the Dungeon.
             The game lasted 00:07:10 (5005 turns).

Ablot the Grasshopper (Gnoll Warper)                Turns: 5005, Time: 00:07:10

Health: 0/56       AC:  6    Str: 10 (13) XL:     7   Next: 37%
Magic:  13/15      EV: 12    Int:  9 (12) God:
Gold:   234        SH:  0    Dex: 10 (11) Spells: 15/17 levels left

rFire   . . .      SeeInvis .   a - +0 spear
rCold   . . .      Faith    .   (no shield)
rNeg    . . .      Spirit   .   b - +0 leather armour
rPois   .          Reflect  .   v - +0 helmet
rElec   .          Harm     .   u - +0 cloak
rCorr   .          Rampage  .   (no gloves)
Will    +....                   o - +0 pair of boots
Stlth   ++........              (no amulet)
HPRegen 0.18/turn               k - ring of willpower
MPRegen 0.14/turn               (no ring)

@: brilliant, flying
A: fangs 1, strong nose, distributed training
a: no special abilities


You were on level 5 of the Dungeon.
You visited 1 branch of the dungeon, and saw 5 of its levels.

You collected 234 gold pieces.

Inventory:

Hand Weapons
 a - a +0 spear (weapon)
Missiles
 d - 5 boomerangs of dispersal
 e - 83 arrows
 f - 203 stones
 h - 3 poisoned darts (quivered)
 l - 39 sling bullets
 w - 2 javelins
 x - a throwing net
 z - 5 atropa-tipped darts
 A - 21 bolts
Armour
 b - a +0 leather armour (worn)
 o - a +0 pair of boots (worn)
 u - a +0 cloak (worn)
 v - a +0 helmet (worn)
Jewellery
 k - a ring of willpower (left hand)
Scrolls
 c - 2 scrolls of blinking
 i - 3 scrolls of teleportation {unknown}
 j - a scroll of enchant weapon {unknown}
 m - a scroll of silence {unknown}
 n - a scroll of brand weapon {unknown}
 q - a scroll of identify {unknown}
 y - a scroll of vulnerability {unknown}
Potions
 p - a potion of curing
 r - a potion of berserk rage {unknown}
 s - a potion of brilliance


   Skills:
 + Level 5.2 Fighting
 + Level 2.4 Short Blades
 + Level 2.4 Long Blades
 + Level 2.4 Axes
 + Level 2.4 Maces & Flails
 + Level 5.2 Polearms
 + Level 2.4 Staves
 + Level 2.4 Slings
 + Level 2.4 Bows
 + Level 2.4 Crossbows
 + Level 3.6 Throwing
 + Level 3.6 Armour
 + Level 5.2 Dodging
 + Level 2.4 Stealth
 + Level 2.4 Shields
 + Level 2.4 Unarmed Combat
 + Level 5.6 Spellcasting
 + Level 2.0 Conjurations
 + Level 2.0 Hexes
 + Level 2.0 Summonings
 + Level 2.0 Necromancy
 + Level 5.8 Translocations
 + Level 2.0 Transmutations
 + Level 2.0 Fire Magic
 + Level 2.0 Ice Magic
 + Level 2.0 Air Magic
 + Level 2.0 Earth Magic
 + Level 2.0 Poison Magic
 + Level 2.7 Invocations
 + Level 2.4 Evocations


You had 15 spell levels left.
You knew the following spells:

 Your Spells              Type           Power      Damage    Failure   Level
a - Blink                 Tloc           38%        N/A       4%          2

Your spell library contained the following spells:

 Spells                   Type           Power      Damage    Failure   Level
 Gell's Gravitas          Tloc           19%        N/A       9%          3
 Lesser Beckoning         Tloc           19%        N/A       9%          3
 Teleport Other           Tloc           19%        N/A       9%          3
 Manifold Assault         Tloc           19%        N/A       58%         5


Dungeon Overview and Level Annotations

Branches:
Dungeon (5/15)
 Temple: D:4-7

Altars:
Nemelex Xobeh
Wu Jian
Yredelemnul
The Shining One

Shops:
D:2 [   D:4 =(

Annotations:
D:3 1 runed translucent door, exclusion: door, mistmaker's ghost, amateur TeAE


Innate Abilities, Weirdness & Mutations

You have very sharp teeth.
Your uncanny sense of smell can sniff out nearby items.
Your experience applies equally to all skills.


Message History

The gnoll is severely wounded.
An orc comes into view. It is wielding a +0 flail.
The gnoll hits you with a +0 flail.
* * * LOW HITPOINT WARNING * * *
You closely miss the gnoll.
The gnoll is severely wounded.
The gnoll hits you from afar with a +0 spear.
* * * LOW HITPOINT WARNING * * *
The gnoll hits you with a +0 flail.
* * * LOW HITPOINT WARNING * * *
Unknown command.
Casting: Blink (safe; 3% risk of failure)
Confirm with . or Enter, or press ? or * to list all spells.
You blink.
An orc priest comes into view. It is wielding a +0 hand axe.
The orc shouts!
The orc priest shouts!
The orc hits you with a +0 flail.
* * * LOW HITPOINT WARNING * * *
The hound zombie bites you but does no damage.
It was a potion of curing.
You feel better. The hound zombie barely misses you.
The orc closely misses you.
It was a potion of brilliance.
You feel clever all of a sudden. The hound zombie barely misses you.
The orc hits you with a +0 flail!
* * * LOW HITPOINT WARNING * * *
Casting: Blink (safe; 3% risk of failure)
Confirm with . or Enter, or press ? or * to list all spells.
You don't know that spell.
Unknown command.
It was a potion of degeneration.
There was something very wrong with that liquid.
You feel weakened.
You feel dopey.
You feel clumsy.
You feel stable enough to blink again.
The hound zombie bites you but does no damage.
The orc priest closely misses you. The orc closely misses you.
It was a potion of flight.
You feel very buoyant.
You fly up into the air.
The orc priest closely misses you. The orc hits you with a +0 flail.
You die...

.......#
#......#..#####
##.#'### #......#......
#...# #...........#.#
##..#### #...........#
#......# #...........#
#...##.# ######......#
#..>...# ###).....#
#.###..# #.#o.....##
#.###..######o#@.......
#.........)).Zgo..#####
######..######g#####
........######..#
##.......[......######
....................<#
∆
##.##...........######
#....#######......#
####.# #........


You could see an orc priest, 2 gnolls, an orc and a hound zombie.

Vanquished Creatures
  Sigmund (D:4)
  2 black bears
  A gnoll shaman (D:5)
  An orc wizard (D:4)
  A hound zombie (D:5)
  6 adders
  2 gnolls (D:5)
  An ufetubus (D:3)
  An adder skeleton (D:4)
  3 worms
  4 orcs (D:4)
  4 bats
  4 endoplasms
  3 giant cockroaches
  12 goblins
  5 hobgoblins
  8 jackals (D:1)
  8 kobolds
  2 quokkas
  3 training dummies (D:4)
  6 ball pythons
  2 frilled lizards (D:2)
  4 rats
84 creatures vanquished.

Vanquished Creatures (others)
  18 plants (D:3)
18 creatures vanquished.

Grand Total: 102 creatures vanquished

Notes
Turn   | Place    | Note
-------+----------+-------------------------------------------
     0 | D:1      | Ablot the Gnoll Warper began the quest for the Orb.
     0 | D:1      | Reached XP level 1. HP: 20/20 MP: 6/6
    92 | D:1      | Reached XP level 2. HP: 16/26 MP: 7/7
   108 | D:1      | Learned a level 2 spell: Blink
   738 | D:1      | Reached XP level 3. HP: 31/31 MP: 9/9
   744 | D:1      | Reached skill level 5 in Spellcasting
  1064 | D:2      | Reached skill level 1 in Invocations
  1408 | D:2      | Reached skill level 1 in Short Blades
  1408 | D:2      | Reached skill level 1 in Long Blades
  1408 | D:2      | Reached skill level 1 in Axes
  1408 | D:2      | Reached skill level 1 in Maces & Flails
  1408 | D:2      | Reached skill level 1 in Staves
  1408 | D:2      | Reached skill level 1 in Slings
  1408 | D:2      | Reached skill level 1 in Bows
  1408 | D:2      | Reached skill level 1 in Crossbows
  1408 | D:2      | Reached skill level 1 in Stealth
  1408 | D:2      | Reached skill level 1 in Shields
  1408 | D:2      | Reached skill level 1 in Unarmed Combat
  1408 | D:2      | Reached skill level 1 in Evocations
  1562 | D:2      | Found Ufebyr's Antique Armour Boutique.
  1694 | D:2      | Noticed a black bear
  1744 | D:2      | Killed a black bear
  1745 | D:2      | Reached skill level 1 in Conjurations
  1745 | D:2      | Reached skill level 1 in Hexes
  1745 | D:2      | Reached skill level 1 in Summonings
  1745 | D:2      | Reached skill level 1 in Necromancy
  1745 | D:2      | Reached skill level 1 in Transmutations
  1745 | D:2      | Reached skill level 1 in Fire Magic
  1745 | D:2      | Reached skill level 1 in Ice Magic
  1745 | D:2      | Reached skill level 1 in Air Magic
  1745 | D:2      | Reached skill level 1 in Earth Magic
  1745 | D:2      | Reached skill level 1 in Poison Magic
  1745 | D:2      | Reached XP level 4. HP: 5/38 MP: 7/11
  1745 | D:2      | Reached XP level 5. HP: 6/43 MP: 7/12
  2091 | D:2      | Found a faded altar of an unknown god.
  2563 | D:3      | Found a basalt altar of Yredelemnul.
  2655 | D:3      | Found an ornate altar of the Wu Jian Council.
  2680 | D:3      | Found a glowing golden altar of the Shining One.
  2726 | D:3      | Found a sparkling altar of Nemelex Xobeh.
  3154 | D:3      | Found a runed translucent door.
  3175 | D:3      | Noticed mistmaker's ghost (amateur TeAE)
  3599 | D:4      | Found Qini's Jewellery Emporium.
  3612 | D:4      | Noticed a black bear
  3634 | D:3      | Killed a black bear
  3635 | D:3      | Reached skill level 5 in Fighting
  3635 | D:3      | Reached skill level 5 in Polearms
  3635 | D:3      | Reached skill level 5 in Dodging
  3635 | D:3      | Reached XP level 6. HP: 21/51 MP: 14/14
  3924 | D:4      | Found Tirouphe's Firing Range.
  4409 | D:4      | Noticed Sigmund
  4427 | D:4      | Killed Sigmund
  4428 | D:4      | Reached XP level 7. HP: 53/56 MP: 15/15
  4761 | D:5      | Entered Level 5 of the Dungeon
  5003 | D:5      | HP: 2/56 [orc/+0 flail (7)]
  5005 | D:5      | Slain by an orc

Illustrated notes

Levels and vault maps discovered:
D:1:      dpeg_arrival_simpleton_a, layout_rooms
D:2:      layout_basic, serial_shops,
          nicolae_shop_temple_entry_statues_fountains,
          shapermc_ecumenical_altar_mp_urbaneastern, nicolae_elevator_lobby_plus
D:3:      kennysheep_the_goblin_king, layout_rooms,
          mainiacjoe_overflow_chevrons, mainiacjoe_overflow_two_lobes,
          general_overflow_altar, gammafunk_ghost_grave
D:4:      layout_basic, serial_shops, shop, nicolae_shop_firing_range,
          uniq_sigmund
D:5:      layout_basic, minmay_temple_entry_tees, minmay_ogre_servants

Skill      XL: |  1  2  3  4  5  6  7 |
---------------+----------------------+-----
Spellcasting   | 5 |  5.6
Invocations    | 1 2 |  2.7
Short Blades   | 1 2 |  2.4
Long Blades    | 1 2 |  2.4
Axes           | 1 2 |  2.4
Maces & Flails | 1 2 |  2.4
Staves         | 1 2 |  2.4
Slings         | 1 2 |  2.4
Bows           | 1 2 |  2.4
Crossbows      | 1 2 |  2.4
Stealth        | 1 2 |  2.4
Shields        | 1 2 |  2.4
Unarmed Combat | 1 2 |  2.4
Evocations     | 1 2 |  2.4
Conjurations   | 1 2 |  2.0
Hexes          | 1 2 |  2.0
Summonings     | 1 2 |  2.0
Necromancy     | 1 2 |  2.0
Transmutations | 1 2 |  2.0
Fire Magic     | 1 2 |  2.0
Ice Magic      | 1 2 |  2.0
Air Magic      | 1 2 |  2.0
Earth Magic    | 1 2 |  2.0
Poison Magic   | 1 2 |  2.0
Throwing       | 3 |  3.6
Armour         | 3 |  3.6
Fighting       | 5 |  5.2
Polearms       | 5 |  5.2
Dodging        | 5 |  5.2
Translocations | |  5.8

Action                   |  1- 3 |  4- 6 |  7- 9 || total
-------------------------+-------+-------+-------++-------
Melee: Spear             |   171 |   182 |    44 ||   397
       Bite              |    15 |    11 |     6 ||    32
       Punch             |     2 |     5 |       ||     7
Throw: Dart              |     8 |    10 |     7 ||    25
       Stone             |     3 |       |       ||     3
 Cast: Blink             |     3 |       |     1 ||     4
  Use: Potion            |       |       |     4 ||     4
 Stab: Sleeping          |     1 |     5 |       ||     6
Armor: Leather armour    |    29 |    48 |    15 ||    92
Dodge: Dodged            |   104 |    92 |    32 ||   228
